TOP OF THE 1ST |
Gwinnett Braves batting - Pitching for El Paso Chihuahuas : LHP Chris Haugen
|
Pitching: LHP Chris Haugen
|
|
Batting: SHB Tim Rodgers
|
0-0: Ball 1-0: Ball 2-0: Ball 3-0: Called Strike 3-1: Base on Balls
|
Batting: RHB Xavier Castellanos
|
0-0: Ball 1-0: Ball Wild Pitch! Tim Rodgers to second 2-0: Foul Ball, location: 2F 2-1: Ground out 4-3 (Groundball, 4, EV 85.0 MPH) Tim Rodgers to third
|
Batting: LHB Sam Dowdy
|
0-0: Called Strike 0-1: Hit by Pitch
|
Batting: RHB Luis Revilla
|
0-0: Called Strike 0-1: Ball 1-1: Called Strike 1-2: Ball 2-2: Fielders Choice at 2nd, 3-6 (Groundball, 3S, EV 90.6 MPH) Tim Rodgers scores
|
Batting: RHB Carlos Castillo
|
0-0: Swinging Strike 0-1: Ball 1-1: Swinging Strike 1-2: Foul Ball, location: 2F 1-2: Fly out, F4 (Popup, 4, EV 61.2 MPH)
|
Top of the 1st over - 1 run, 0 hits, 0 errors, 1 left on base; Gwinnett 1 - El Paso 0 |
BOTTOM OF THE 1ST |
El Paso Chihuahuas batting - Pitching for Gwinnett Braves : RHP Steve Dripps
|
Pitching: RHP Steve Dripps
|
|
Batting: SHB Steve Killion
|
0-0: Foul Ball, location: 2F 0-1: SINGLE (Groundball, 56, EV 97.5 MPH)
|
Batting: RHB Itsuo Yoshioka
|
0-0: Called Strike 0-1: Ball Wild Pitch! Steve Killion to second 1-1: Foul Ball, location: 2F 1-2: Ball 2-2: Foul Ball, location: 2F 2-2: Strikes out swinging
|
Batting: RHB Jeremy Lewis
|
0-0: Ball 1-0: Ball 2-0: Ball 3-0: Base on Balls
|
Batting: LHB Joseph Martin
|
0-0: Ball Wild Pitch! Steve Killion to third Jeremy Lewis to second 1-0: Ball 2-0: Ball 3-0: Called Strike 3-1: Base on Balls
|
Batting: RHB Kyle Davis
|
0-0: Ball 1-0: Called Strike 1-1: Ball 2-1: Swinging Strike 2-2: Ball 3-2: Foul Ball, location: 2F 3-2: SINGLE (Groundball, 5S, EV 98.8 MPH) Steve Killion scores Jeremy Lewis to third Joseph Martin to second
|
Batting: RHB Juan Martinez
|
0-0: Ball 1-0: Ball 2-0: SINGLE (Groundball, 6MD, EV 107.5 MPH) Jeremy Lewis scores Joseph Martin to third Kyle Davis to second
|
Batting: RHB Terry Jarrells
|
0-0: Ball 1-0: Foul Ball, location: 2F 1-1: GRAND SLAM HOME RUN (Flyball, 7D, EV 99.4 MPH), Distance : 381 ft
|
Batting: RHB Min-chin Yi
|
0-0: Ball 1-0: Called Strike 1-1: Ground out 5-3 (Groundball, 56, EV 77.5 MPH)
|
Batting: LHB Helmut Steggall
|
0-0: Called Strike 0-1: Ball 1-1: Ground out 4-3 (Groundball, 4, EV 83.8 MPH)
|
Bottom of the 1st over - 6 runs, 4 hits, 0 errors, 0 left on base; Gwinnett 1 - El Paso 6 |
TOP OF THE 2ND |
Gwinnett Braves batting - Pitching for El Paso Chihuahuas : LHP Chris Haugen
|
Batting: RHB Neal Tinoco
|
0-0: Foul Ball, location: 2F 0-1: Ball 1-1: Ball 2-1: Ball 3-1: Fly out, F7 (Flyball, 7D, EV 90.6 MPH)
|
Batting: RHB Jesse Lester
|
0-0: Called Strike 0-1: Foul Ball, location: 2F 0-2: Ball 1-2: Strikes out swinging passed ball, reaches first!
|
Batting: RHB Corey Dalton
|
0-0: Fly out, F3 (Popup, 3SF, EV 69.4 MPH)
|
Batting: RHB T.J. Jordan
|
0-0: DOUBLE (Flyball, 8RXD, EV 103.1 MPH) Jesse Lester to third Runner from 3rd tries for Home, SAFE, no throw by CF
|
Batting: SHB Tim Rodgers
|
0-0: Called Strike 0-1: Fly out, F3 (Popup, 34, EV 61.9 MPH)
|
Top of the 2nd over - 1 run, 1 hit, 0 errors, 1 left on base; Gwinnett 2 - El Paso 6 |
BOTTOM OF THE 2ND |
El Paso Chihuahuas batting - Pitching for Gwinnett Braves : RHP Steve Dripps
|
Batting: SHB Steve Killion
|
0-0: Ball 1-0: SINGLE (Groundball, 5S, EV 66.9 MPH) (infield hit)
|
Pitching: RHP Chris Thompson
|
|
Batting: RHB Itsuo Yoshioka
|
0-0: Called Strike 0-1: Swinging Strike 0-2: Ball 1-2: Ball 2-2: Ball 3-2: Ground out 6-3 (Groundball, 6, EV 102.5 MPH) Steve Killion to second
|
Batting: RHB Jeremy Lewis
|
0-0: Foul Ball, location: 2F 0-1: Ground out 5-3 (Groundball, 56, EV 81.2 MPH)
|
Batting: LHB Joseph Martin
|
0-0: Foul Ball, location: 2F 0-1: Ball 1-1: Foul Ball, location: 2F 1-2: Ground out U3 (Groundball, 3, EV 86.2 MPH)
|
Bottom of the 2nd over - 0 runs, 1 hit, 0 errors, 1 left on base; Gwinnett 2 - El Paso 6 |
TOP OF THE 3RD |
Gwinnett Braves batting - Pitching for El Paso Chihuahuas : LHP Chris Haugen
|
Batting: RHB Xavier Castellanos
|
0-0: Ball 1-0: Ball 2-0: Ball 3-0: Called Strike 3-1: Base on Balls
|
Batting: LHB Sam Dowdy
|
0-0: Ball 1-0: Called Strike 1-1: SINGLE (Line Drive, 7S, EV 103.8 MPH) Xavier Castellanos to second
|
Batting: RHB Luis Revilla
|
0-0: Called Strike 0-1: Foul Ball, location: 2F 0-2: Ball 1-2: Ball 2-2: Foul Ball, location: 2F 2-2: Foul Ball, location: 2F 2-2: Ball 3-2: Reached on error, E1 (Groundball, 34S, EV 61.9 MPH) Xavier Castellanos to third Sam Dowdy to second
|
Batting: RHB Carlos Castillo
|
0-0: Called Strike 0-1: Ball 1-1: Foul Ball, location: 2F 1-2: Foul Ball, location: 2F 1-2: Ball 2-2: Foul Ball, location: 2F 2-2: Ball 3-2: Fly out, F9 (Line Drive, 9S, EV 108.8 MPH)
|
Batting: RHB Neal Tinoco
|
0-0: Ball 1-0: Ball 2-0: GRAND SLAM HOME RUN (Line Drive, 9LD, EV 92.5 MPH), Distance : 361 ft
|
Pitching: RHP Jadon Martin
|
|
Batting: RHB Jesse Lester
|
0-0: Called Strike 0-1: Foul Ball, location: 2F 0-2: Ball 1-2: Ball 2-2: Foul Ball, location: 2F 2-2: Ball 3-2: Fly out, F8 (Flyball, 8RXD, EV 106.9 MPH)
|
Batting: RHB Corey Dalton
|
0-0: Ball 1-0: Ball 2-0: Ball 3-0: Base on Balls
|
Batting: RHB T.J. Jordan
|
0-0: SINGLE (Groundball, 56D, EV 97.5 MPH) Corey Dalton to second
|
Batting: SHB Tim Rodgers
|
0-0: Ground out 6-3 (Groundball, 6M, EV 81.9 MPH)
|
Top of the 3rd over - 4 runs, 3 hits, 1 error, 2 left on base; Gwinnett 6 - El Paso 6 |
BOTTOM OF THE 3RD |
El Paso Chihuahuas batting - Pitching for Gwinnett Braves : RHP Chris Thompson
|
Batting: RHB Kyle Davis
|
0-0: Ball 1-0: Ball 2-0: Foul Ball, location: 2F 2-1: Ball 3-1: SINGLE (Line Drive, 6MD, EV 98.1 MPH)
|
Batting: RHB Juan Martinez
|
0-0: Called Strike 0-1: Fly out, F9 (Flyball, 89D, EV 107.5 MPH)
|
Batting: RHB Terry Jarrells
|
0-0: SINGLE (Flyball, 9LS, EV 83.8 MPH) Kyle Davis to second Runner from 2nd tries for 3rd, SAFE, throw by RF made to third
|
Batting: RHB Min-chin Yi
|
0-0: Ball 1-0: Foul Ball, location: 2F 1-1: Ball 2-1: Grounds into double play, 5-4-3 (Groundball, 56S, EV 76.9 MPH)
|
Bottom of the 3rd over - 0 runs, 2 hits, 0 errors, 1 left on base; Gwinnett 6 - El Paso 6 |
TOP OF THE 4TH |
Gwinnett Braves batting - Pitching for El Paso Chihuahuas : RHP Jadon Martin
|
Batting: RHB Xavier Castellanos
|
0-0: Ball 1-0: Ball 2-0: Ball 3-0: Base on Balls
|
Batting: LHB Sam Dowdy
|
0-0: Ball 1-0: Fly out, F8 (Line Drive, 8LM, EV 86.2 MPH)
|
Batting: RHB Luis Revilla
|
0-0: Ball 1-0: Foul Ball, location: 2F 1-1: Fly out, F9 (Flyball, 9D, EV 91.9 MPH)
|
Batting: RHB Carlos Castillo
|
0-0: Ball 1-0: Ball 2-0: Called Strike 2-1: SINGLE (Groundball, 6M, EV 81.9 MPH) (infield hit) Xavier Castellanos to second
|
Batting: RHB Neal Tinoco
|
0-0: Ball 1-0: Ball 2-0: Ball 3-0: Base on Balls Xavier Castellanos to third Carlos Castillo to second
|
Pitching: RHP Victor Moreno
|
|
Batting: RHB Jesse Lester
|
0-0: Swinging Strike 0-1: Ball 1-1: Called Strike 1-2: Foul Ball, location: 2F 1-2: Ball 2-2: Ball 3-2: Strikes out swinging
|
Top of the 4th over - 0 runs, 1 hit, 0 errors, 3 left on base; Gwinnett 6 - El Paso 6 |
BOTTOM OF THE 4TH |
El Paso Chihuahuas batting - Pitching for Gwinnett Braves : RHP Chris Thompson
|
Batting: LHB Helmut Steggall
|
0-0: Ball 1-0: Swinging Strike 1-1: Called Strike 1-2: Foul Ball, location: 2F 1-2: Ball 2-2: Ball 3-2: Ground out 4-3 (Groundball, 4, EV 91.2 MPH)
|
Batting: SHB Steve Killion
|
0-0: Foul Ball, location: 2F 0-1: Ball 1-1: Foul Ball, location: 2F 1-2: SINGLE (Groundball, 34D, EV 98.8 MPH)
|
Pitching: RHP Dantae Elizondo
|
|
Batting: RHB Itsuo Yoshioka
|
0-0: Called Strike 0-1: Ball 1-1: Foul Ball, location: 2F 1-2: Ball 2-2: Reached on error, E6 (Groundball, 6, EV 86.2 MPH) Steve Killion to second
|
Batting: RHB Jeremy Lewis
|
0-0: Called Strike Steve Killion steals 3rd base Itsuo Yoshioka to second 0-1: Ball 1-1: Foul Ball, location: 2F 1-2: Ball 2-2: Ground out 6-3 (Groundball, 6S, EV 93.1 MPH) Steve Killion scores Itsuo Yoshioka to third
|
Batting: LHB Joseph Martin
|
0-0: Ball 1-0: Foul Ball, location: 2F 1-1: Swinging Strike 1-2: Ball 2-2: SINGLE (Groundball, 6MD, EV 94.4 MPH) Itsuo Yoshioka scores
|
Batting: RHB Kyle Davis
|
0-0: Called Strike 0-1: Foul Ball, location: 2F 0-2: Ball 1-2: Foul Ball, location: 2F 1-2: Foul Ball, location: 2F 1-2: Ball 2-2: Foul Ball, location: 2F 2-2: Fly out, F9 (Flyball, 9, EV 88.1 MPH)
|
Bottom of the 4th over - 2 runs, 2 hits, 1 error, 1 left on base; Gwinnett 6 - El Paso 8 |
TOP OF THE 5TH |
Gwinnett Braves batting - Pitching for El Paso Chihuahuas : RHP Victor Moreno
|
Batting: RHB Corey Dalton
|
0-0: Called Strike 0-1: Ground out 5-3 (Groundball, 56, EV 84.4 MPH)
|
Batting: RHB T.J. Jordan
|
0-0: Called Strike 0-1: Ball 1-1: Ball 2-1: Called Strike 2-2: Strikes out swinging
|
Batting: SHB Tim Rodgers
|
0-0: Ball 1-0: Called Strike 1-1: Fly out, F7 (Flyball, 78S, EV 86.9 MPH)
|
Top of the 5th over - 0 runs, 0 hits, 0 errors, 0 left on base; Gwinnett 6 - El Paso 8 |
BOTTOM OF THE 5TH |
El Paso Chihuahuas batting - Pitching for Gwinnett Braves : RHP Dantae Elizondo
|
Batting: RHB Juan Martinez
|
0-0: Called Strike 0-1: Ball 1-1: Fly out, F3 (Popup, 3SF, EV 76.2 MPH)
|
Batting: RHB Terry Jarrells
|
0-0: Ground out 3-1 (Groundball, 34S, EV 81.9 MPH)
|
Batting: RHB Min-chin Yi
|
0-0: Fly out, F7 (Flyball, 7S, EV 92.5 MPH)
|
Bottom of the 5th over - 0 runs, 0 hits, 0 errors, 0 left on base; Gwinnett 6 - El Paso 8 |
TOP OF THE 6TH |
Gwinnett Braves batting - Pitching for El Paso Chihuahuas : RHP Victor Moreno
|
Batting: RHB Xavier Castellanos
|
0-0: Foul Ball, location: 2F 0-1: Ground out 4-3 (Groundball, 4MS, EV 84.4 MPH)
|
Batting: LHB Sam Dowdy
|
0-0: Ball 1-0: Ball 2-0: Ball 3-0: Base on Balls
|
Batting: RHB Luis Revilla
|
0-0: Ball 1-0: Ball 2-0: Ball 3-0: Called Strike 3-1: Fielders Choice at 2nd, 5-4 (Groundball, 56S, EV 86.2 MPH)
|
Pitching: RHP Eddie Starks
|
|
Batting: RHB Carlos Castillo
|
0-0: Called Strike 0-1: Ball 1-1: Ball 2-1: Ball 3-1: Called Strike 3-2: Base on Balls Luis Revilla to second
|
Batting: RHB Neal Tinoco
|
0-0: Ball 1-0: Foul Ball, location: 2F 1-1: Ball 2-1: Foul Ball, location: 2F 2-2: Strikes out swinging
|
Top of the 6th over - 0 runs, 0 hits, 0 errors, 2 left on base; Gwinnett 6 - El Paso 8 |
BOTTOM OF THE 6TH |
El Paso Chihuahuas batting - Pitching for Gwinnett Braves : RHP Dantae Elizondo
|
Batting: LHB Helmut Steggall
|
0-0: Called Strike 0-1: Ball 1-1: Ball 2-1: Fly out, F8 (Line Drive, 8LD, EV 86.9 MPH)
|
Batting: SHB Steve Killion
|
0-0: Ball 1-0: Called Strike 1-1: Ball 2-1: Fly out, F7 (Flyball, 7D, EV 92.5 MPH)
|
Batting: RHB Itsuo Yoshioka
|
0-0: Ball 1-0: Ball 2-0: Foul Ball, location: 2F 2-1: Foul Ball, location: 2F 2-2: Ball 3-2: Ground out 6-3 (Groundball, 6, EV 83.8 MPH)
|
Bottom of the 6th over - 0 runs, 0 hits, 0 errors, 0 left on base; Gwinnett 6 - El Paso 8 |
TOP OF THE 7TH |
Gwinnett Braves batting - Pitching for El Paso Chihuahuas : RHP Eddie Starks
|
Pitching: LHP Armando Florez
|
|
Batting: RHB Jesse Lester
|
0-0: Called Strike 0-1: Ball 1-1: Fly out, F8 (Flyball, 8LS, EV 96.2 MPH)
|
Batting: RHB Corey Dalton
|
0-0: Foul Ball, location: 2F 0-1: Ball 1-1: Ground out 6-3 (Groundball, 6, EV 88.8 MPH)
|
Batting: RHB T.J. Jordan
|
0-0: Ball 1-0: Swinging Strike 1-1: Ball 2-1: Ball 3-1: Base on Balls
|
Batting: SHB Tim Rodgers
|
0-0: Ball 1-0: Ball 2-0: Ball 3-0: Base on Balls T.J. Jordan to second
|
Batting: RHB Xavier Castellanos
|
0-0: Ball 1-0: Ball 2-0: Fly out, F8 (Line Drive, 8LM, EV 89.4 MPH)
|
Top of the 7th over - 0 runs, 0 hits, 0 errors, 2 left on base; Gwinnett 6 - El Paso 8 |
BOTTOM OF THE 7TH |
El Paso Chihuahuas batting - Pitching for Gwinnett Braves : RHP Dantae Elizondo
|
Pitching: RHP Kouchiro Yamaguchi
|
|
Batting: RHB Jeremy Lewis
|
0-0: Swinging Strike 0-1: Called Strike 0-2: Ball 1-2: Foul Ball, location: 2F 1-2: Ball 2-2: Foul Ball, location: 2F 2-2: Strikes out swinging
|
Batting: LHB Joseph Martin
|
0-0: Ball 1-0: Foul Ball, location: 2F 1-1: Ball 2-1: Ball 3-1: Base on Balls
|
Batting: RHB Kyle Davis
|
0-0: Ball 1-0: Foul Ball, location: 2F 1-1: Foul Ball, location: 2F 1-2: Ball 2-2: Ball 3-2: Foul Ball, location: 2F 3-2: Strikes out swinging
|
Batting: RHB Juan Martinez
|
0-0: SINGLE (Groundball, 56D, EV 102.5 MPH) Joseph Martin to second
|
Batting: RHB Terry Jarrells
|
0-0: Ball 1-0: Ball 2-0: Ball 3-0: Base on Balls Joseph Martin to third Juan Martinez to second
|
Batting: RHB Min-chin Yi
|
0-0: Ball 1-0: Called Strike 1-1: Ball 2-1: Ball 3-1: Foul Ball, location: 2F 3-2: Base on Balls Joseph Martin scores Juan Martinez to third Terry Jarrells to second
|
Batting: LHB Helmut Steggall
|
0-0: Ball 1-0: Foul Ball, location: 2F 1-1: Called Strike 1-2: Ball 2-2: Foul Ball, location: 2F 2-2: Strikes out looking
|
Bottom of the 7th over - 1 run, 1 hit, 0 errors, 3 left on base; Gwinnett 6 - El Paso 9 |
TOP OF THE 8TH |
Gwinnett Braves batting - Pitching for El Paso Chihuahuas : LHP Armando Florez
|
Pitching: LHP Randolph Rayner
|
|
Batting: LHB Sam Dowdy
|
0-0: Ball 1-0: Ball 2-0: Ball 3-0: Called Strike 3-1: Base on Balls
|
Batting: RHB Luis Revilla
|
0-0: Fielders Choice at 2nd, 1-4 (Groundball, 15S, EV 63.8 MPH)
|
Batting: RHB Carlos Castillo
|
0-0: Ball 1-0: Foul Ball, location: 2F 1-1: Swinging Strike 1-2: Foul Ball, location: 2F 1-2: Ball 2-2: DOUBLE (Line Drive, 78D, EV 100.6 MPH) Luis Revilla to third Runner from 3rd tries for Home, throw by CF and OUT! 8-6-2 Carlos Castillo to third
|
Batting: RHB Neal Tinoco
|
0-0: Foul Ball, location: 2F 0-1: Swinging Strike 0-2: Ball 1-2: Ball 2-2: Ball 3-2: Base on Balls
|
Batting: RHB Jesse Lester
|
0-0: Ball 1-0: Ball 2-0: Ball 3-0: Called Strike 3-1: Base on Balls Neal Tinoco to second
|
Batting: RHB Corey Dalton
|
0-0: Called Strike 0-1: Called Strike 0-2: Fly out, F7 (Flyball, 8LM, EV 92.5 MPH)
|
Top of the 8th over - 0 runs, 1 hit, 0 errors, 3 left on base; Gwinnett 6 - El Paso 9 |
BOTTOM OF THE 8TH |
El Paso Chihuahuas batting - Pitching for Gwinnett Braves : RHP Kouchiro Yamaguchi
|
Pitching: LHP Danny Frizzell
|
|
Batting: SHB Steve Killion
|
0-0: Called Strike 0-1: Ball 1-1: Foul Ball, location: 2F 1-2: Ball 2-2: Foul Ball, location: 2F 2-2: Ground out 6-3 (Groundball, 6, EV 86.2 MPH)
|
Batting: RHB Itsuo Yoshioka
|
0-0: Called Strike 0-1: Ball 1-1: Ball 2-1: Ball 3-1: Foul Ball, location: 2F 3-2: Foul Ball, location: 2F 3-2: Fly out, F8 (Flyball, 8LD, EV 100.6 MPH)
|
Batting: RHB Jeremy Lewis
|
0-0: Called Strike 0-1: Fly out, F9 (Flyball, 9S, EV 92.5 MPH)
|
Bottom of the 8th over - 0 runs, 0 hits, 0 errors, 0 left on base; Gwinnett 6 - El Paso 9 |
TOP OF THE 9TH |
Gwinnett Braves batting - Pitching for El Paso Chihuahuas : LHP Randolph Rayner
|
Pitching: RHP Tom Ackerman
|
|
Batting: RHB T.J. Jordan
|
0-0: Ball 1-0: Called Strike 1-1: Foul Ball, location: 2F 1-2: Foul Ball, location: 2F 1-2: DOUBLE (Line Drive, 8LXD, EV 102.5 MPH)
|
Pinch Hitting: RHB Chris Sharpe
|
0-0: Ball 1-0: Ground out 1-3 (Groundball, 13S, EV 65.0 MPH) T.J. Jordan to third
|
Batting: RHB Xavier Castellanos
|
0-0: Called Strike 0-1: Ball Wild Pitch! T.J. Jordan scores 1-1: Foul Ball, location: 2F 1-2: Ball 2-2: SINGLE (Groundball, 34S, EV 77.5 MPH) (infield hit)
|
Batting: LHB Sam Dowdy
|
0-0: Foul Ball, location: 2F 0-1: Called Strike 0-2: Ball 1-2: Foul Ball, location: 2F 1-2: Fly out, F8 (Flyball, 78XD, EV 103.1 MPH)
|
Batting: RHB Luis Revilla
|
0-0: Ball 1-0: Ball 2-0: Ball 3-0: Called Strike 3-1: Foul Ball, location: 2F 3-2: Base on Balls Xavier Castellanos to second
|
Batting: RHB Carlos Castillo
|
0-0: Called Strike 0-1: Ball 1-1: SINGLE (Groundball, 56D, EV 98.1 MPH) Xavier Castellanos to third Luis Revilla to second
|
Batting: RHB Neal Tinoco
|
0-0: Called Strike 0-1: Ball Wild Pitch! Xavier Castellanos scores Luis Revilla to third Carlos Castillo to second 1-1: Ball 2-1: Foul Ball, location: 2F 2-2: Strikes out looking
|
Top of the 9th over - 2 runs, 3 hits, 0 errors, 2 left on base; Gwinnett 8 - El Paso 9 |
|